TOP OF THE 1ST |
Kalamazoo Royale with Cheese batting - Pitching for Seattle Pikes : RHP Jesús Suárez
|
Pitching: RHP Jesús Suárez
|
|
Batting: RHB Fernando Martínez
|
0-0: Called Strike 0-1: Foul Ball, location: 2F 0-2: Foul Ball, location: 2F 0-2: Foul Ball, location: 2F 0-2: Ball 1-2: Ball 2-2: Ball 3-2: Base on Balls
|
Batting: LHB Robinson Fernández
|
0-0: Ball 1-0: Ball 2-0: SINGLE (Flyball, 78S) Fernando Martínez to second
|
Batting: RHB Run-ming Zhu
|
0-0: Ball 1-0: Foul Ball, location: 2F 1-1: Called Strike 1-2: Strikes out swinging
|
Batting: LHB Seung-woo Yi
|
0-0: Ball 1-0: Ball 2-0: Called Strike 2-1: Ball 3-1: Fly out, F8 (Flyball, 8LD) Runner from 2nd tags up, SAFE at 3rd, no throw
|
Batting: RHB Juan Jose Guevana
|
0-0: Called Strike 0-1: Ground out 5-3 (Groundball, 56S)
|
Top of the 1st over - 0 run(s), 1 hit(s), 0 error(s), 2 left on base; Kalamazoo 0 - Seattle 0 |
BOTTOM OF THE 1ST |
Seattle Pikes batting - Pitching for Kalamazoo Royale with Cheese : RHP José Salazar
|
Pitching: RHP José Salazar
|
|
Batting: LHB Sammy Marshall
|
0-0: Ground out U3 (Groundball, 3L)
|
Batting: RHB Tae-kwon Kwon
|
0-0: Ball 1-0: Foul Ball, location: 2F 1-1: Foul Ball, location: 2F 1-2: Ground out 6-3 (Groundball, 6M)
|
Batting: LHB Richard Hunter
|
0-0: Swinging Strike 0-1: Foul Ball, location: 2F 0-2: Foul Ball, location: 2F 0-2: SINGLE (Line Drive, 89S)
|
Batting: RHB António Ortega
|
0-0: Ground out 5-3 (Groundball, 56)
|
Bottom of the 1st over - 0 run(s), 1 hit(s), 0 error(s), 1 left on base; Kalamazoo 0 - Seattle 0 |
TOP OF THE 2ND |
Kalamazoo Royale with Cheese batting - Pitching for Seattle Pikes : RHP Jesús Suárez
|
Batting: LHB David Richardson
|
0-0: Ball 1-0: Ball 2-0: Foul Ball, location: 2F 2-1: Ball 3-1: Foul Ball, location: 2F 3-2: Foul Ball, location: 2F 3-2: Foul Ball, location: 2F 3-2: Base on Balls
|
Batting: RHB Miguel Encarnación
|
0-0: Ball 1-0: Ball 2-0: Called Strike 2-1: Swinging Strike 2-2: Ball 3-2: Grounds into double play, U6-3 (Groundball, 6M)
|
Batting: LHB Roberto Sandoval
|
0-0: Ball 1-0: Ball 2-0: Ball 3-0: Called Strike 3-1: Foul Ball, location: 2F 3-2: Strikes out swinging
|
Top of the 2nd over - 0 run(s), 0 hit(s), 0 error(s), 0 left on base; Kalamazoo 0 - Seattle 0 |
BOTTOM OF THE 2ND |
Seattle Pikes batting - Pitching for Kalamazoo Royale with Cheese : RHP José Salazar
|
Batting: LHB Eduardo Gómez
|
0-0: Foul Ball, location: 2F 0-1: Ball 1-1: Called Strike 1-2: Fly out, F6 (Popup, 56)
|
Batting: RHB Manuel Rico
|
0-0: Called Strike 0-1: Ground out 5-3 (Groundball, 5S)
|
Batting: RHB Jesús Gonzáles
|
0-0: Called Strike 0-1: Called Strike 0-2: Foul Ball, location: 2F 0-2: Strikes out swinging
|
Bottom of the 2nd over - 0 run(s), 0 hit(s), 0 error(s), 0 left on base; Kalamazoo 0 - Seattle 0 |
TOP OF THE 3RD |
Kalamazoo Royale with Cheese batting - Pitching for Seattle Pikes : RHP Jesús Suárez
|
Batting: RHB Jorge Márquez
|
0-0: Ground out 6-3 (Groundball, 56)
|
Batting: RHB Fernando Martínez
|
0-0: SINGLE (Line Drive, 5D)
|
Batting: LHB Robinson Fernández
|
0-0: Called Strike 0-1: Ball 1-1: Ball 2-1: Ball 3-1: Called Strike 3-2: Base on Balls Fernando Martínez to second
|
Batting: RHB Run-ming Zhu
|
0-0: Called Strike 0-1: Foul Ball, location: 2F 0-2: Ball 1-2: Grounds into double play, 5-4-3 (Groundball, 56)
|
Top of the 3rd over - 0 run(s), 1 hit(s), 0 error(s), 1 left on base; Kalamazoo 0 - Seattle 0 |
BOTTOM OF THE 3RD |
Seattle Pikes batting - Pitching for Kalamazoo Royale with Cheese : RHP José Salazar
|
Batting: LHB Keith Tillman
|
0-0: Ball 1-0: Ground out 4-3 (Groundball, 4)
|
Batting: RHB Rafael González
|
0-0: Ball 1-0: Ball 2-0: Reached on Error, E8 (Flyball, 8LS)
|
Batting: LHB Sammy Marshall
|
0-0: Ball 1-0: Foul Ball, location: 2F 1-1: Ball 2-1: Fly out, F6 (Popup, 6D)
|
Batting: RHB Tae-kwon Kwon
|
0-0: Ball 1-0: Ball 2-0: Ball 3-0: Called Strike 3-1: Base on Balls Rafael González to second
|
Batting: LHB Richard Hunter
|
0-0: Called Strike 0-1: Ball 1-1: Foul Ball, location: 2F 1-2: Foul Ball, location: 2F 1-2: Fly out, F9 (Flyball, 9S)
|
Bottom of the 3rd over - 0 run(s), 0 hit(s), 1 error(s), 2 left on base; Kalamazoo 0 - Seattle 0 |
TOP OF THE 4TH |
Kalamazoo Royale with Cheese batting - Pitching for Seattle Pikes : RHP Jesús Suárez
|
Batting: LHB Seung-woo Yi
|
0-0: Ball 1-0: Foul Ball, location: 2F 1-1: Ball 2-1: Swinging Strike 2-2: Strikes out looking
|
Batting: RHB Juan Jose Guevana
|
0-0: Ball 1-0: Ball 2-0: SINGLE (Line Drive, 56D)
|
Batting: LHB David Richardson
|
0-0: Swinging Strike 0-1: Swinging Strike 0-2: Ball 1-2: Ball 2-2: Ball 3-2: Foul Ball, location: 2F 3-2: Strikes out swinging Juan Jose Guevana is caught stealing 2nd base Batter strikes out.
|
Top of the 4th over - 0 run(s), 1 hit(s), 0 error(s), 0 left on base; Kalamazoo 0 - Seattle 0 |
BOTTOM OF THE 4TH |
Seattle Pikes batting - Pitching for Kalamazoo Royale with Cheese : RHP José Salazar
|
Batting: RHB António Ortega
|
0-0: Ball 1-0: Ball 2-0: Foul Ball, location: 2F 2-1: Fly out, F8 (Flyball, 8LXD)
|
Batting: LHB Eduardo Gómez
|
0-0: Ball 1-0: Fly out, F9 (Flyball, 89D)
|
Batting: RHB Manuel Rico
|
0-0: DOUBLE (Line Drive, 5D)
|
Batting: RHB Jesús Gonzáles
|
0-0: Foul Ball, location: 2F 0-1: Ball 1-1: Swinging Strike 1-2: Strikes out looking
|
Bottom of the 4th over - 0 run(s), 1 hit(s), 0 error(s), 1 left on base; Kalamazoo 0 - Seattle 0 |
TOP OF THE 5TH |
Kalamazoo Royale with Cheese batting - Pitching for Seattle Pikes : RHP Jesús Suárez
|
Batting: RHB Miguel Encarnación
|
0-0: Called Strike 0-1: Foul Ball, location: 2F 0-2: Ball 1-2: Ball 2-2: Ball 3-2: Foul Ball, location: 2F 3-2: Base on Balls
|
Batting: LHB Roberto Sandoval
|
0-0: Ball 1-0: Called Strike 1-1: Called Strike 1-2: Fly out, F8 (Line Drive, 8RS)
|
Batting: RHB Jorge Márquez
|
0-0: Called Strike 0-1: Ball 1-1: Ball 2-1: Ball 3-1: Called Strike 3-2: Foul Ball, location: 2F 3-2: DOUBLE (Flyball, 78M) Miguel Encarnación to third Runner from 3rd tries for Home, throw and OUT! Jorge Márquez to third
|
Batting: RHB Fernando Martínez
|
0-0: Ball 1-0: Ball 2-0: Fly out, F7 (Flyball, 7M)
|
Top of the 5th over - 0 run(s), 1 hit(s), 0 error(s), 1 left on base; Kalamazoo 0 - Seattle 0 |
BOTTOM OF THE 5TH |
Seattle Pikes batting - Pitching for Kalamazoo Royale with Cheese : RHP José Salazar
|
Batting: LHB Keith Tillman
|
0-0: Called Strike 0-1: Called Strike 0-2: Ball 1-2: SINGLE (Groundball, 34D)
|
Batting: RHB Rafael González
|
0-0: Ball 1-0: Foul Ball, location: 2F 1-1: Called Strike 1-2: Foul Ball, location: 2F 1-2: Ball 2-2: Ball 3-2: Ground out 5-3 (Groundball, 56S) Keith Tillman to second
|
Batting: LHB Sammy Marshall
|
0-0: Intentional Walk
|
Batting: RHB Tae-kwon Kwon
|
0-0: Ball 1-0: Ball 2-0: Called Strike 2-1: Ball 3-1: Fielders Choice at 2nd, U6 (Groundball, 6M) Keith Tillman to third
|
Batting: LHB Richard Hunter
|
0-0: Called Strike 0-1: Ball 1-1: Called Strike 1-2: Strikes out swinging
|
Bottom of the 5th over - 0 run(s), 1 hit(s), 0 error(s), 2 left on base; Kalamazoo 0 - Seattle 0 |
TOP OF THE 6TH |
Kalamazoo Royale with Cheese batting - Pitching for Seattle Pikes : RHP Jesús Suárez
|
Batting: LHB Robinson Fernández
|
0-0: Called Strike 0-1: Ball 1-1: Foul Ball, location: 2F 1-2: Foul Ball, location: 2F 1-2: Ball 2-2: Strikes out looking
|
Batting: RHB Run-ming Zhu
|
0-0: Ball 1-0: Ball 2-0: Swinging Strike 2-1: Foul Ball, location: 2F 2-2: Foul Ball, location: 2F 2-2: Ball 3-2: Fly out, F7 (Flyball, 7D)
|
Batting: LHB Seung-woo Yi
|
0-0: Called Strike 0-1: Swinging Strike 0-2: Strikes out swinging
|
Top of the 6th over - 0 run(s), 0 hit(s), 0 error(s), 0 left on base; Kalamazoo 0 - Seattle 0 |
BOTTOM OF THE 6TH |
Seattle Pikes batting - Pitching for Kalamazoo Royale with Cheese : RHP José Salazar
|
Batting: RHB António Ortega
|
0-0: Ball 1-0: Ball 2-0: SINGLE (Groundball, 6MD)
|
Batting: LHB Eduardo Gómez
|
0-0: Ball 1-0: Ball 2-0: Grounds into double play, 3-6-1 (Groundball, 3)
|
Batting: RHB Manuel Rico
|
0-0: Ball 1-0: Foul Ball, location: 2F 1-1: Called Strike 1-2: Ball 2-2: Ground out 1-3 (Groundball, 13S)
|
Bottom of the 6th over - 0 run(s), 1 hit(s), 0 error(s), 0 left on base; Kalamazoo 0 - Seattle 0 |
TOP OF THE 7TH |
Kalamazoo Royale with Cheese batting - Pitching for Seattle Pikes : RHP Jesús Suárez
|
Pitching: LHP Cristián Escobar
|
|
Batting: RHB Juan Jose Guevana
|
0-0: Swinging Strike 0-1: Ball 1-1: Ball 2-1: Foul Ball, location: 2F 2-2: Strikes out swinging
|
Pinch Hitting: RHB Fernando Díaz
|
0-0: Ball 1-0: Called Strike 1-1: Foul Ball, location: 2F 1-2: Ground out 1-3 (Groundball, 15)
|
Pitching: RHP Ernesto Beltrán
|
|
Batting: RHB Miguel Encarnación
|
0-0: Foul Ball, location: 2F 0-1: Foul Ball, location: 2F 0-2: Ball 1-2: Strikes out swinging, 2-3 out at first.
|
Top of the 7th over - 0 run(s), 0 hit(s), 0 error(s), 0 left on base; Kalamazoo 0 - Seattle 0 |
BOTTOM OF THE 7TH |
Seattle Pikes batting - Pitching for Kalamazoo Royale with Cheese : RHP José Salazar
|
Now in RF: Juan Mendoza
|
|
Batting: RHB Jesús Gonzáles
|
0-0: Fly out, F3 (Popup, 3S)
|
Batting: LHB Keith Tillman
|
0-0: SOLO HOME RUN (Flyball, 89XD), Distance : 439 ft
|
Batting: RHB Rafael González
|
0-0: Foul Ball, location: 2F 0-1: Ball 1-1: SINGLE (Groundball, 6MD)
|
Pitching: LHP Gian-Andrea Nota
|
|
Pinch Hitting: RHB Iván Gonzáles
|
0-0: Called Strike 0-1: Ball 1-1: Ball 2-1: Ball 3-1: Called Strike 3-2: Strikes out swinging Rafael González is caught stealing 2nd base Batter strikes out.
|
Bottom of the 7th over - 1 run(s), 2 hit(s), 0 error(s), 0 left on base; Kalamazoo 0 - Seattle 1 |
TOP OF THE 8TH |
Kalamazoo Royale with Cheese batting - Pitching for Seattle Pikes : RHP Ernesto Beltrán
|
Pitching: LHP António Alvarado
|
|
Now in LF: Víctor Carrillo
|
|
Batting: LHB Roberto Sandoval
|
0-0: Foul Ball, location: 2F 0-1: Ball 1-1: Fly out, F8 (Flyball, 8RM)
|
Pitching: LHP Manny Sandoval
|
|
Batting: RHB Jorge Márquez
|
0-0: Foul Ball, location: 2F 0-1: Fly out, F8 (Flyball, 78S)
|
Batting: RHB Fernando Martínez
|
0-0: Called Strike 0-1: Ground out 4-3 (Groundball, 4)
|
Top of the 8th over - 0 run(s), 0 hit(s), 0 error(s), 0 left on base; Kalamazoo 0 - Seattle 1 |
BOTTOM OF THE 8TH |
Seattle Pikes batting - Pitching for Kalamazoo Royale with Cheese : LHP Gian-Andrea Nota
|
Batting: RHB Tae-kwon Kwon
|
0-0: Fly out, F8 (Line Drive, 8LM)
|
Pitching: RHP Michael Carr
|
|
Batting: LHB Richard Hunter
|
0-0: Ball 1-0: Ground out 6-3 (Groundball, 6M)
|
Batting: RHB António Ortega
|
0-0: Foul Ball, location: 2F 0-1: Ball 1-1: Foul Ball, location: 2F 1-2: Ball 2-2: Foul Ball, location: 2F 2-2: Foul Ball, location: 2F 2-2: SINGLE (Line Drive, 8LS)
|
Pitching: LHP Morgan McDormand
|
|
Batting: LHB Eduardo Gómez
|
0-0: Ball 1-0: Ball 2-0: Fly out, F9 (Flyball, 9D)
|
Bottom of the 8th over - 0 run(s), 1 hit(s), 0 error(s), 1 left on base; Kalamazoo 0 - Seattle 1 |
TOP OF THE 9TH |
Kalamazoo Royale with Cheese batting - Pitching for Seattle Pikes : LHP Manny Sandoval
|
Batting: LHB Robinson Fernández
|
0-0: Ball 1-0: Ball 2-0: Called Strike 2-1: Swinging Strike 2-2: SINGLE (Line Drive, 6D)
|
Batting: RHB Run-ming Zhu
|
0-0: Ball 1-0: Foul Ball, location: 2F 1-1: Foul Ball, location: 2F 1-2: Ball 2-2: Strikes out swinging
|
Batting: LHB Seung-woo Yi
|
0-0: Called Strike 0-1: Swinging Strike 0-2: Strikes out swinging
|
Batting: RHB Juan Jose Guevana
|
0-0: Foul Ball, location: 2F 0-1: Called Strike 0-2: Strikes out looking
|
Top of the 9th over - 0 run(s), 1 hit(s), 0 error(s), 1 left on base; Kalamazoo 0 - Seattle 1 |
|